Unix NetHack Version 5.0.0-0 post-release - last build Jun 10 2026 00:39:30 (3ee93aec679c4c4259841fe613dc97188e26a321,branch:main).

Game began 2026-06-14 00:36:34, ended 2026-06-14 02:32:05.

Aranth, chaotic female elven Wizard

       ----
      --..|
      |...|
 ---  |..--
--.----.^|
|...|...--
|.....---
---.----    -----
  |....--  --...-------..
  ----..-- |.....|.[......
----.....--|........---...
#.@d......|--...... ......
#....  ...| ---..   ......
#-#..  ...|  |...    .....       -..
  |.   ..-----.-      ...-    --..)..#
       ........#       ..#---#%.<%%..|
       ........         .............|
                        -----#.......
                             ---.

Aranth the Thaumaturge    St:10 Dx:10 Co:14 In:20 Wi:11 Ch:10  Chaotic
Dlvl:6  $:74 HP:0(38) Pw:7(60) AC:4  Xp:6 T:3547  Burdened

Latest messages:
 What do you want to drink? [f-hsAEFJ or ?*] g
 This tastes like slime mold juice.
 You have a little trouble lifting r - a scroll labeled VENZAR BORGAVVE (2 in total).
 You have trouble lifting a hard hat.  Continue? [ynq] (q) n
 The gnome hits!
 You kill the gnome!
 You see here a green gem.
 You have a little trouble lifting g - a green gem.
 Wizards aren't able to use two weapons at once.
 In what direction? 4
 The spell hits the hill orc!
 You kill the hill orc!
 You see here an iron skull cap.
 You are enveloped in a cloud of gas!
 You hear a wolf howling at the moon.
 You hear a wolf howling at the moon.
 The werewolf changes into a wolf.
 The werewolf changes into a human.
 In what direction? 6
 The spell hits the werewolf!
 The werewolf changes into a wolf.
 You fail to cast the spell correctly.
 You hit the werewolf.
 The werewolf bites!
 The werewolf summons help!
 A wolf suddenly appears next to you!
 A wolf suddenly appears next to you!
 A wolf suddenly appears next to you!
 A wolf suddenly appears next to you!
 The werewolf bites!
 Where do you want to jump?
 (For instructions type a '?')
 Nothing happens.
 The wolf misses!
 The wolf just misses!
 The wolf bites!
 The wolf bites!
 The werewolf just misses!
 What do you want to read? [i-lrtBG-IKLO-Q or ?*] i
 As you read the scroll, it disappears.
 What type of monster do you want to genocide? wolf
 Wiped out all wolves.
 The werewolf bites!
 In what direction? 6
 The spell hits the werewolf!
 The werewolf bites!
 The werewolf bites!
 You feel feverish.
 You die...
 Do you want your possessions identified? [ynq] (y) q

Inventory:
 Coins    ('$')
  $ - 74 gold pieces
 Weapons  (')')
  w - 8 blessed +1 arrows
  v - a +1 arrow
  a - a blessed +1 quarterstaff (weapon in hands)
 Armor    ('[')
  Y - an uncursed +0 pair of iron shoes
  z - an uncursed +0 pair of jumping boots
  C - an uncursed +0 pair of water walking boots
  W - an uncursed +0 pair of water walking boots
  b - an uncursed +0 cloak of magic resistance (being worn)
  N - an uncursed +0 elven mithril-coat (being worn)
 Comestibles  ('%')
  V - an uncursed apple
  M - 3 uncursed food rations
  p - an uncursed egg
 Scrolls  ('?')
  G - a blessed scroll of create monster
  j - 2 uncursed scrolls of earth
  B - a cursed scroll of enchant weapon
  O - a blessed scroll of identify
  r - 2 uncursed scrolls of identify
  P - an uncursed scroll of light
  t - an uncursed scroll of scare monster
  I - an uncursed scroll of teleportation
 Spellbooks  ('+')
  Q - an uncursed spellbook of cure blindness
  k - a blessed spellbook of force bolt
  K - an uncursed spellbook of healing
  l - an uncursed spellbook of jumping
  H - an uncursed spellbook of knock
  L - an uncursed spellbook of knock
 Potions  ('!')
  F - an uncursed potion of booze
  E - a blessed potion of full healing
  s - an uncursed potion of hallucination
  J - an uncursed potion of healing
  f - an uncursed potion of monster detection
  h - an uncursed potion of see invisible
  A - an uncursed potion of speed
 Rings    ('=')
  d - an uncursed ring of slow digestion
  e - an uncursed ring of teleportation
 Wands    ('/')
  c - a wand of digging (0:4)
  U - a wand of lightning (0:6)
  Z - a wand of magic missile (0:2)
 Tools    ('(')
  o - an uncursed wooden flute
  n - an uncursed blindfold
  T - an uncursed credit card
  X - an uncursed credit card
  m - a magic marker (0:22)
  R - an uncursed oil lamp
  y - a cursed tallow candle
 Gems/Stones  ('*')
  D - an uncursed jet stone
  u - 4 uncursed worthless pieces of blue glass
  g - an uncursed worthless piece of green glass
  x - 2 cursed worthless pieces of orange glass
  S - 2 uncursed worthless pieces of yellow glass
  q - 2 cursed worthless pieces of yellowish brown glass

Aranth the Wizard's attributes:

Background:
 You were a Thaumaturge, a level 6 female elven Wizard.
 You were chaotic, nominally on a mission for Anhur
 who was opposed by Ptah (lawful) and Thoth (neutral).
 You were right-handed.
 You were in the Gnomish Mines, on level 6.
 You entered the dungeon 3547 turns ago.
 It was nighttime.
 There was a new moon in effect when your adventure ended.
 You had 399 experience points, 241 more were needed to attain level 7.

Basics:
 You had 0 out of 38 hit points.
 You had 7 out of 60 energy points (spell power).
 Your armor class was 4.
 Your wallet contained 74 zorkmids.
 Autopickup was off.

Final Characteristics:
 Your strength was 10 (limit:18).
 Your dexterity was 10 (peak:12, limit:18).
 Your constitution was 14 (limit:16).
 Your intelligence was 20 (limit:20).
 Your wisdom was 11 (limit:20).
 Your charisma was 10 (limit:18).

Final Status:
 You weren't hungry.
 You were burdened; movement was slightly slowed.
 You were wielding a quarterstaff.
 You had basic skill with quarterstaff.

Final Attributes:
 You were piously aligned.
 You were magic-protected.
 You were sleep resistant.
 You were level-drain resistant.
 You had infravision.
 You were guarded.
 Your spell casting was impaired by metallic armor.
 You were a werewolf.
 You were harmed by silver.
 You are dead.

Miscellaneous:
 You encountered 1 bones level.
 Total elapsed playing time was 36 minutes and 23 seconds.

Major events:
 Turn
    1: Aranth the chaotic female elven Wizard entered the dungeon
 1161: attained the rank of Conjurer (level 3)
 2778: entered the Gnomish Mines
 3169: attained the rank of Thaumaturge (level 6)
 3545: performed her first genocide (wolves)
 3547: killed by a werewolf

Spells:
 Name                 Level Category     Fail Retention
 force bolt             1   attack        12%   81%-85%
 jumping                1   escape        12%  76%-100%
 knock                  1   matter        12%  76%-100%
 healing                1   healing       12%  76%-100%

Skills:
 Fighting Skills
   bare handed combat [Unskilled]
   riding             [Unskilled]
 Weapon Skills
   dagger             [Unskilled]
   knife              [Unskilled]
   axe                [Unskilled]
   short sword        [Unskilled]
   club               [Unskilled]
   mace               [Unskilled]
   quarterstaff       [Basic]
   polearms           [Unskilled]
   spear              [Unskilled]
   trident            [Unskilled]
   sling              [Unskilled]
   dart               [Unskilled]
   shuriken           [Unskilled]
 Spellcasting Skills
   attack spells      [Skilled]
   healing spells     [Unskilled]
   divination spells  [Unskilled]
   enchantment spells [Basic]
   clerical spells    [Unskilled]
   escape spells      [Unskilled]
   matter spells      [Unskilled]

Voluntary challenges:
 Character rerolling was not enabled.
 You were an atheist.
 You genocided 1 type of monster.
 You never polymorphed an object.
 You never changed form.
 You used no wishes.
Achievements:
 You entered a shop.
 You attained the rank of Conjurer.
 You entered the Gnomish Mines.
 You attained the rank of Thaumaturge.

 The Dungeons of Doom: levels 1 to 4
    Level 1:
       A sink.
    Level 2:
       A general store.
    Level 3:
       Some fountains.
    Level 4:
       Stairs down to The Gnomish Mines.
 The Gnomish Mines: levels 5 to 6
    Level 5:
    Level 6: <- You were here.
       Final resting place for
          you, killed by a werewolf,
          greengrass-Wiz-Hum-Mal-Neu, killed by a rope golem.


Vanquished creatures:
  4 wolves
  a leprechaun
  a rope golem
  a shrieker
  3 gnome leaders
  a straw golem
  a giant ant
  a floating eye
  a kitten
  3 dwarves
  6 hill orcs
 an orc zombie
  2 dwarf zombies
  2 iguanas
  6 giant rats
  3 cave spiders
  a brown mold
  a yellow mold
  8 gnomes
  a gnome zombie
  4 jackals
  3 foxes
  a kobold
  a goblin
  4 grid bugs
  a bat
  5 lichens
  2 kobold zombies
  8 newts
77 creatures vanquished.

Genocided species:
 wolves
1 species genocided.

Game over:
                       ----------
                      /          \
                     /    REST    \
                    /      IN      \
                   /     PEACE      \
                  /                  \
                  |      Aranth      |
                  |      74 Au       |
                  |   killed by a    |
                  |     werewolf     |
                  |                  |
                  |                  |
                  |       2026       |
                 *|     *  *  *      | *
        _________)/\\_//(\/(/\)/\//\/|_)_______

Goodbye Aranth the Wizard...

You died in The Gnomish Mines on dungeon level 6 with 1913 points,
and 74 pieces of gold, after 3547 moves.
You were level 6 with a maximum of 38 hit points when you died.

